 Dungeon Crawl Stone Soup version 0.29-a0-925-g0a7a3d12f8 (webtiles) character file.

Game seed: 7070724379523501693

7564 magipi the Carver (level 11, -6/129 HPs)
             Began as a Human Berserker on July 28, 2022.
             Was a Priest of Trog.
             Mangled by a spriggan defender zombie (13 damage)
             ... on level 1 of the Abyss.
             The game lasted 00:23:12 (9586 turns).

magipi the Carver (Human Berserker)                 Turns: 9586, Time: 00:23:12

Health: -6/129     AC: 19    Str: 21    XL:     11   Next: 39%
Magic:  11/11      EV:  8    Int:  8    God:    Trog [***...]
Gold:   632        SH:  3    Dex: 13    Spells: 10/10 levels left

rFire   . . .      SeeInvis .   a - +6 falchion (freeze)
rCold   . . .      Faith    .   D - +0 buckler
rNeg    . . .      Spirit   .   g - +5 plate armour of Odaxkoudu {Rampage}
rPois   .          Reflect  .   (no helmet)
rElec   .          Harm     .   (no cloak)
rCorr   .          Rampage  +   p - +0 pair of gloves
Will    .....                   (no boots)
Stlth   ..........              (no amulet)
HPRegen 0.31/turn               (no ring)
MPRegen 0.12/turn               (no ring)

@: berserking, studying Shields, very quick
A: no striking features
a: Renounce Religion, Berserk, Trog's Hand


You were on level 1 of the Abyss.
You worshipped Trog.
Trog was most pleased with you.
You visited 1 branch of the dungeon, and saw 8 of its levels.
You visited the Abyss 1 time.

You collected 632 gold pieces.

Inventory:

Hand Weapons
 a - a +6 falchion of freezing (weapon)
   (You took it off a wight on level 8 of the Dungeon)
 b - a +0 scimitar
   (You took it off a wight on level 8 of the Dungeon)
Missiles
 s - 6 boomerangs (quivered)
 A - 3 throwing nets
 F - a curare-tipped dart
Armour
 g - the +5 plate armour of Odaxkoudu (worn) {Rampage}
   (You found it on level 2 of the Dungeon)

   Rampage:   It bestows one free step when moving towards enemies.
 m - the +5 plate armour of Feral Freedom {rC+++ rN+ Will- Dex+2}
   (You found it on level 2 of the Dungeon)

   Dex:       It affects your dexterity (+2).
   rC:        It renders you almost immune to cold.
   rN:        It protects you from negative energy.
   Will:      It decreases your willpower.
 p - a +0 pair of gloves (worn)
   (You found it on level 3 of the Dungeon)
 B - +0 acid dragon scales
   (You found it on level 8 of the Dungeon)
 D - a +0 buckler (worn)
   (You took it off a gnoll sergeant on level 8 of the Dungeon)
 H - +1 swamp dragon scales
   (You took it off Maggie on level 8 of the Dungeon)
Jewellery
 d - a +4 ring of evasion
   (You found it on level 1 of the Dungeon)
 f - a ring of ice
   (You found it on level 1 of the Dungeon)
Wands
 u - a wand of polymorph (7)
   (You found it on level 6 of the Dungeon)
 G - a wand of flame (24)
   (You took it off Maggie on level 8 of the Dungeon)
Scrolls
 c - 3 scrolls of fog
 e - a scroll of teleportation
 h - a scroll of fear
 j - 2 scrolls of magic mapping
 v - 2 scrolls of enchant weapon
 w - a scroll of immolation {unknown}
 y - 2 scrolls of enchant armour {unknown}
 C - 4 scrolls of blinking
 E - a scroll of amnesia {unknown}
Potions
 i - 5 potions of curing
 k - 2 potions of attraction
 l - 2 potions of brilliance
 n - 2 potions of berserk rage
 o - 2 potions of haste
 q - 2 potions of might
 t - a potion of cancellation {unknown}
 x - a potion of lignification {unknown}


   Skills:
 + Level 8.2 Fighting
 * Level 11.1 Long Blades
 + Level 7.8 Armour
 + Level 7.9 Dodging


You had 10 spell levels left.
You didn't know any spells.
Your spell library was empty.

Dungeon Overview and Level Annotations

Branches:
Dungeon (8/15)             Temple (0/1) D:6
   Lair: D:8-11

Altars:
Ashenzari
Nemelex Xobeh
Okawaru
Xom


Message History

The thrashing horror churns violently!
The thrashing horror seems to grow stronger.
You closely miss the thrashing horror.
The thrashing horror is severely damaged.
The thrashing horror barely misses you. The thrashing horror tramples you.
You stumble backwards!
Unknown command.
Unknown command.
Unknown command.
You slash the thrashing horror! You freeze the thrashing horror.
You destroy the thrashing horror!
Trog accepts your kill.
Unknown command.
You slice the ynoxinul!!
The ynoxinul is heavily wounded.
The ynoxinul barely misses you.
You slash the ynoxinul!
The ynoxinul is almost dead.
The ynoxinul barely misses you.
You slash the ynoxinul! You freeze the ynoxinul.
You kill the ynoxinul!
Trog accepts your kill.
You feel a little less mighty now.
A spriggan defender zombie comes into view.
You rampage towards the spriggan defender zombie!
You hit the spriggan defender zombie.
The spriggan defender zombie is lightly damaged.
The spriggan defender zombie closely misses you.
You miss the spriggan defender zombie.
The spriggan defender zombie is lightly damaged.
The spriggan defender zombie hits you!
You closely miss the spriggan defender zombie.
The spriggan defender zombie is lightly damaged.
The spriggan defender zombie hits you!
You hit the spriggan defender zombie.
The spriggan defender zombie is lightly damaged.
The spriggan defender zombie hits you.
The spriggan defender zombie closely misses you.
You closely miss the spriggan defender zombie.
The spriggan defender zombie is lightly damaged.
The spriggan defender zombie barely misses you.
You slash the spriggan defender zombie!
The spriggan defender zombie is lightly damaged.
The spriggan defender zombie hits you!
You slash the spriggan defender zombie!
The spriggan defender zombie is lightly damaged.
The spriggan defender zombie hits you!
You barely miss the spriggan defender zombie.
The spriggan defender zombie is lightly damaged.
The spriggan defender zombie hits you but does no damage.
You hit the spriggan defender zombie.
The spriggan defender zombie is moderately damaged.
The spriggan defender zombie hits you!
* * * LOW HITPOINT WARNING * * *
Unknown command.
Unknown command.
You slash the spriggan defender zombie!
The spriggan defender zombie is moderately damaged.
The spriggan defender zombie hits you!
* * * LOW HITPOINT WARNING * * *
Unknown command.
You barely miss the spriggan defender zombie.
The spriggan defender zombie is moderately damaged.
The spriggan defender zombie hits you but does no damage.
You hit the spriggan defender zombie.
The spriggan defender zombie is moderately damaged.
The spriggan defender zombie barely misses you.
Unknown command.
You hit the spriggan defender zombie.
The spriggan defender zombie is moderately damaged.
The spriggan defender zombie barely misses you.
The spriggan defender zombie hits you.
* * * LOW HITPOINT WARNING * * *
You barely miss the spriggan defender zombie.
The spriggan defender zombie is moderately damaged.
The spriggan defender zombie hits you but does no damage.
A red film seems to cover your vision as you go berserk!
You feel yourself moving faster!
You feel mighty! The spriggan defender zombie hits you.
* * * LOW HITPOINT WARNING * * *
You slash the spriggan defender zombie!
You freeze the spriggan defender zombie.
The spriggan defender zombie is heavily damaged.
The spriggan defender zombie barely misses you.
You barely miss the spriggan defender zombie.
The spriggan defender zombie is heavily damaged.
The spriggan defender zombie barely misses you.
You slice the spriggan defender zombie!!
You freeze the spriggan defender zombie.
The spriggan defender zombie is severely damaged.
The spriggan defender zombie hits you.
* * * LOW HITPOINT WARNING * * *
Unknown command.
You slash the spriggan defender zombie!
The spriggan defender zombie is severely damaged.
You slash the spriggan defender zombie!
You freeze the spriggan defender zombie.
The spriggan defender zombie is almost destroyed.
The spriggan defender zombie hits you!
You die...

## # .#
.# #.
###.##
.##.#....
#......
#...##
#.@Z.#
#.#....#
#..#####
... ####


You could see a spriggan defender zombie.

Vanquished Creatures
  2 thrashing horrors (Abyss:1)
  A large abomination (Abyss:1)
  Maggie (D:8)
  A hornet (D:8)
  A ynoxinul (Abyss:1)
  A chaos spawn (Abyss:1)
  A steam dragon (D:6)
  2 wargs (D:8)
  An acid dragon (D:8)
  4 orc warriors (D:8)
  A black bear (D:5)
  2 ice beasts
  9 ogres
  2 kobold brigands
  3 bullfrogs
  4 scorpions
  A gnoll sergeant (D:8)
  2 necrophages
  8 wights (D:8)
  3 killer bees (D:7)
  8 howler monkeys (D:8)
  10 crimson imps
  5 orc priests
  12 hounds
  2 jellies
  2 gnoll boudas (D:8)
  3 iguanas
  11 orc wizards
  9 adders
  16 gnolls
  3 white imps (D:8)
  An ufetubus (D:5)
  4 worms
  6 dart slugs
  17 orcs
  5 ball pythons
  7 endoplasms
  4 giant cockroaches
  12 hobgoblins
  2 quokkas
  2 bats
  5 frilled lizards
  6 goblins
  10 kobolds
  4 rats
216 creatures vanquished.

Vanquished Creatures (collateral kills)
  A jelly (D:4)
1 creature vanquished.

Vanquished Creatures (others)
  A fungus (D:8)
  9 plants (D:8)
10 creatures vanquished.

Grand Total: 227 creatures vanquished

Notes
Turn   | Place    | Note
-------+----------+-------------------------------------------
     0 | D:1      | magipi the Human Berserker began the quest for the Orb.
     0 | D:1      | Reached XP level 1. HP: 18/18 MP: 1/1
   310 | D:1      | Reached XP level 2. HP: 24/24 MP: 2/2
   995 | D:2      | Reached XP level 3. HP: 28/29 MP: 3/3
  1132 | D:2      | Identified the +5 plate armour of Odaxkoudu {Rampage}
  1290 | D:2      | Identified the +5 plate armour of Feral Freedom {rC+++ rN+
                  | Will- Dex+2}
  1362 | D:2      | Reached XP level 4. HP: 28/35 MP: 4/4
  1986 | D:3      | Noticed a scorpion
  1995 | D:3      | Killed a scorpion
  1996 | D:3      | Reached skill level 4 in Long Blades
  1996 | D:3      | Reached XP level 5. HP: 41/41 MP: 5/5
  2108 | D:3      | Found a broken altar of Ashenzari.
  2217 | D:3      | Reached ** piety under Trog
  2628 | D:4      | Reached XP level 6. HP: 48/48 MP: 6/6
  3046 | D:4      | Found an iron altar of Okawaru.
  3336 | D:5      | Entered Level 5 of the Dungeon
  3524 | D:5      | Reached skill level 5 in Long Blades
  3665 | D:5      | Reached XP level 7. HP: 54/54 MP: 7/7
  4005 | D:5      | Found a shimmering altar of Xom.
  4057 | D:5      | Reached skill level 6 in Long Blades
  4057 | D:5      | Reached XP level 8. HP: 59/61 MP: 8/8
  4290 | D:5      | Reached skill level 5 in Fighting
  5067 | D:6      | Reached skill level 7 in Long Blades
  5537 | D:6      | Reached skill level 5 in Armour
  5537 | D:6      | Reached skill level 5 in Dodging
  5537 | D:6      | Reached XP level 9. HP: 60/68 MP: 9/9
  5583 | D:6      | Found a staircase to the Ecumenical Temple.
  6341 | D:7      | Reached skill level 8 in Long Blades
  7257 | D:8      | Noticed a hornet
  7279 | D:8      | Killed a hornet
  7360 | D:8      | Found a sparkling altar of Nemelex Xobeh.
  7453 | D:8      | Reached XP level 10. HP: 77/77 MP: 10/10
  7540 | D:8      | Reached skill level 9 in Long Blades
  8096 | D:8      | Reached *** piety under Trog
  8732 | D:8      | Reached skill level 10 in Long Blades
  9203 | D:8      | Noticed Maggie
  9222 | D:8      | Killed Maggie
  9223 | D:8      | Reached XP level 11. HP: 85/85 MP: 11/11
  9245 | Abyss:1  | Cast into level 1 of the Abyss (orc warrior)
  9282 | Abyss:1  | Noticed a thrashing horror
  9392 | Abyss:1  | Noticed a large abomination
  9401 | Abyss:1  | Killed a large abomination
  9410 | Abyss:1  | Noticed a daeva
  9419 | Abyss:1  | Noticed a thrashing horror
  9445 | Abyss:1  | Killed a thrashing horror
  9449 | Abyss:1  | Reached skill level 11 in Long Blades
  9497 | Abyss:1  | Found a radiant altar of Vehumet.
  9499 | Abyss:1  | Noticed a thrashing horror
  9510 | Abyss:1  | Killed a thrashing horror
  9522 | Abyss:1  | Found a radiant altar of Vehumet.
  9584 | Abyss:1  | HP: 6/129 [spriggan defender zombie (6)]
  9586 | Abyss:1  | Mangled by a spriggan defender zombie

Illustrated notes

Levels and vault maps discovered:
D:1:      dpeg_arrival_tiny_j, layout_loops_ring,
          corexii_item_surrounded_by_moat, minmay_split_cup_large
D:2:      layout_rooms
D:3:      layout_basic, nicolae_ashenzari_skybound, nrook_mini_vaults
D:4:      layout_basic, okawaru_trees_2, serial_park_tiny_pond
D:5:      layout_loops_corners, led_xom_imps, minmay_manual_mullet
D:6:      cheibrodos_thug_alley, layout_basic,
          minmay_temple_entry_gardened_gates
D:7:      layout_basic
D:8:      lemuel_castle_with_subvaults [lemuel_castle_interior_carwin_1],
          layout_loops_corners, nemelex_diamond_rough_becter, minmay_nine_imps,
          uniq_maggie
Abyss:1:  base:
D:4

Skill      XL: |  1  2  3  4  5  6  7  8  9 10 11 |
---------------+----------------------------------+-----
Long Blades    | 4 5 6 7 8 10 11 | 11.1
Armour         | 3 4 5 6 7 |  7.8
Dodging        | 3 4 5 6 7 |  7.9
Fighting       | 4 5 6 7 8 |  8.2

Action                   |  1- 3 |  4- 6 |  7- 9 | 10-12 || total
-------------------------+-------+-------+-------+-------++-------
Melee: Falchion          |    79 |   222 |   393 |   348 ||  1042
       Punch             |     2 |     5 |     7 |     2 ||    16
Invok: Berserk           |     4 |     5 |    16 |    10 ||    35
       Trog's Hand       |       |       |       |     2 ||     2
  Use: Scroll            |       |    12 |     6 |     3 ||    21
       Potion            |       |       |       |     5 ||     5
 Stab: Sleeping          |     2 |       |       |       ||     2
Armor: Animal skin       |     6 |       |       |       ||     6
       Plate armour      |    33 |   127 |   231 |   183 ||   574
Dodge: Dodged            |    29 |    74 |   151 |   119 ||   373
Block: Buckler           |       |       |       |    27 ||    27

Table legend: (Time is in decaauts)
 A = Elapsed time spent in this place.
 B = Non-inter-level travel time spent in this place.
 C = Inter-level travel time spent in this place.
 D = Time resting spent in this place.
 E = Time spent auto-exploring this place.
 F = Levels seen in this place.
 G = Mean time per level.
                   A        B        C        D        E       F      G
               +--------+--------+--------+--------+--------+-----+--------+
         Total |   9882 |   9659 |    223 |   2252 |   4148 |   9 | 1098.0 |
       Dungeon |   9537 |   9314 |    223 |   2153 |   4148 |   8 | 1192.1 |
         Abyss |    345 |    345 |      0 |     98 |      0 |   1 |  345.0 |
               +--------+--------+--------+--------+--------+-----+--------+

Top non-repeatable levels by time:
     D:8: 2174 daAuts
     D:5: 1510 daAuts
     D:6: 1486 daAuts
     D:1: 982 daAuts
     D:4: 923 daAuts
     D:7: 895 daAuts
     D:3: 786 daAuts
     D:2: 777 daAuts
 Abyss:1: 345 daAuts
